 Dungeon Crawl Stone Soup version 0.31-a0-986-g5e6e4ef867 (webtiles) character file.

Game seed: 6378807089954586644

2527 mandarbmax the Zephyrmancer (level 9, -4/44 (45) HPs)
             Began as a Tengu Air Elementalist on Nov 5, 2023.
             Was an Initiate of Gozag.
             Slain by Pikel
             ... wielding a +2 whip of freezing
              (9 damage)
             ... on level 6 of the Dungeon.
             The game lasted 00:18:11 (7043 turns).

mandarbmax the Zephyrmancer (TeAE)                  Turns: 7043, Time: 00:18:12

HP:   -4/44 (45)    AC:  5    Str:  9    XL:     9   Next: 54%
MP:   1/17          EV: 16    Int: 19    God:    Gozag
Gold: 828           SH:  4    Dex: 15    Spells: 12/18 levels left

rFire   + . .        d - +0 short sword
rCold   + . .        (no shield)
rNeg    . . .        f - +1 robe {rC+ rF+}
rPois   .            (helmet restricted)
rElec   +            m - +1 cloak
rCorr   .            (no gloves)
SInv    .            (boots unavailable)
Will    +....        (no amulet)
Stlth   ++           (no ring)
HPRegen 0.27/turn    (no ring)
MPRegen 0.15/turn

%: acrobat
@: enlightened, flying, lightly drained, invisible
A: beak, talons 3, evasive flight, acrobatic, large bone plates 1, electricity
resistance
a: Renounce Religion, Potion Petition, Call Merchant, Bribe Branch


You were on level 6 of the Dungeon.
You worshipped Gozag.
Gozag was pleased with you.
You visited 2 branches of the dungeon, and saw 7 of its levels.
You also visited: Sewer.

You collected 970 gold pieces.
You paid 142 gold pieces to Gozag.

Inventory:

Hand Weapons
 d - a +0 short sword (weapon)
Missiles
 n - 3 throwing nets
Armour
 f - a +1 robe of resistance (worn)
 m - a +1 cloak (worn)
Scrolls
 a - a scroll of enchant armour
 h - 3 scrolls of teleportation
 i - a scroll of immolation
 j - 2 scrolls of silence
 k - a scroll of fog
 l - a scroll of vulnerability
 q - 2 scrolls of blinking
 r - a scroll of summoning
 s - a scroll of identify
 w - a scroll of noise
Potions
 b - a potion of magic
 e - 2 potions of berserk rage
 g - a potion of attraction
 o - 3 potions of mutation
 p - 2 potions of might
 t - a potion of heal wounds
 u - a potion of brilliance


   Skills:
 - Level 2.1 Dodging
 - Level 2.0 Stealth
 + Level 5.3 Spellcasting
 * Level 10.6 Conjurations
 * Level 11.2 Air Magic


You had 12 spell levels left.
You knew the following spells:

 Your Spells              Type           Power      Damage    Failure   Level
a - Shock                 Conj/Air       100%       1d9       1%          1
b - Static Discharge      Conj/Air       92%        3-7/arc   1%          2
c - Swiftness             Air            47%        N/A       1%          3

Your spell library contained the following spells:

 Spells                   Type           Power      Damage    Failure   Level
 Airstrike                Air            23%        2d(4-20)  1%          4
 Stone Arrow              Conj/Erth      50%        3d10      4%          3
 Apportation              Tloc           10%        N/A       12%         1
 Sandblast                Erth           10%        2d5       12%         1
 Brom's Barrelling Bould  Conj/Erth      25%        2d5       14%         4
 Jinxbite                 Hex            10%        N/A       19%         2
 Passwall                 Tmut/Erth      4%         N/A       19%         2
 Ozocubu's Armour         Ice            5%         N/A       36%         3
 Alistair's Intoxication  Tmut/Pois      3%         N/A       98%         5
 Ozocubu's Refrigeration  Ice            2%         4d8       100%        7


Dungeon Overview and Level Annotations

Branches:
Dungeon (6/15)             Temple (1/1) D:6           Sewer (visited)

Altars:
Ashenzari
Cheibriados
Dithmenos
Elyvilon
Fedhas
Gozag
Makhleb
Nemelex Xobeh
Okawaru
Qazlal
Ru
Sif Muna
Trog
Uskayaw
Vehumet
Wu Jian
Xom
Zin
The Shining One

Annotations:
D:6 Pikel


Innate Abilities, Weirdness & Mutations

You have a beak for a mouth.
You have claws for feet.
Your magical flight helps you evade attacks. (EV +4)
You can magically evade attacks while moving or waiting.
You are partially covered in large bone plates. (SH +4)
You are resistant to electric shocks. (rElec)


Message History

You block the lemure's attack. Pikel closely misses you.
You closely miss Pikel. Your kick misses Pikel. Your peck misses Pikel.
Pikel is severely wounded.
You block the lemure's attack. Pikel barely misses you.
You hit Pikel. You claw Pikel, but do no damage.
Pikel is almost dead.
The lemure completely misses you.
Pikel hits you with a +2 whip of freezing!
* * * LOW HITPOINT WARNING * * *
Pikel freezes you.
* * * LOW HITPOINT WARNING * * *
You hit Pikel but do no damage. Your kick misses Pikel.
Pikel is almost dead.
The lemure barely misses you.
Things that are here:
4 gold pieces; a +0 halberd; a +0 robe You barely miss Pikel.
You claw Pikel.
Pikel is almost dead.
The lemure misses you.
Pikel says, "You'll feel the lick of my whip!"
Pikel hits you but does no damage.
Unknown command.
You hit Pikel but do no damage. Your kick misses Pikel. Your peck misses Pikel.
Pikel is almost dead.
The lemure hits you.
* * * LOW HITPOINT WARNING * * *
Pikel closely misses you.
Unknown command.
Casting: Shock (safe; 1% risk of failure)
Confirm with . or Enter, or press ? or * to list all spells.
Pikel is struck by an arc of lightning.
You resist.
You are struck by an arc of lightning.
* * * LOW HITPOINT WARNING * * *
The lemure is struck by an arc of lightning!
You kill the lemure!
That felt strangely unrewarding.
The lightning grounds out.
Pikel hits you with a +2 whip of freezing!
You die...
Pikel says, "See you in Hell!"
Your body crumbles into a pile of gold.

#.#K# #..(....#########+#.#
#.#.# .....>.... .........
#.#$# ##......### #####.#.#
#.#.# #.........# #.#.#
#.#.# #.......#. #.#.#
#.#.###.......#.#######.#.#
#.#...........#.........#.#
#.#######.###.#.#####...#.#
#.# #K@...# #####...'.#
#.###############<#.....###
#...............#.#.....#
###..........##.#'#....####
#..........##............
#..........##........####
#..........##............
#.....#######....########
#.....# #....# #


You could see Pikel (unable to see you).

Vanquished Creatures
  Sigmund (D:3)
  Menkaure (D:6)
  2 water moccasins (D:6)
  A sky beast (D:6)
  The ghost of grimpoem the Ruffian, an amateur TrSh (D:4)
  2 ice beasts
  2 ogres (D:4)
  2 phantoms (D:5)
  4 lemures (D:6)
  2 kobold brigands
  4 scorpions
  4 wights (D:6)
  2 hounds (D:5)
  2 jellies
  2 orc priests
  2 orc wizards (D:6)
  6 iguanas
  4 gnolls (D:6)
  14 adders
  5 river rats (Sewer)
  A white imp (D:5)
  8 ufetubi
  A worm (D:3)
  A dart slug (D:2)
  12 orcs
  14 ball pythons
  6 bats
  7 endoplasms
  2 giant cockroaches
  7 goblins
  6 hobgoblins
  3 jackals (D:2)
  A quokka (D:1)
  3 frilled lizards
  28 kobolds
  32 rats
195 creatures vanquished.

Notes
Turn   | Place    | Note
-------+----------+-------------------------------------------
     0 | D:1      | mandarbmax the Tengu Air Elementalist began the quest for
                  | the Orb.
     0 | D:1      | Reached XP level 1. HP: 10/10 MP: 4/4
   237 | D:1      | Reached XP level 2. HP: 15/15 MP: 3/6
   590 | D:1      | You fall into a shaft and drop 1 floor!
   607 | D:2      | Reached XP level 3. HP: 19/19 MP: 0/7
   610 | D:2      | Learned a level 2 spell: Static Discharge
   614 | D:2      | Learned a level 3 spell: Swiftness
   818 | D:2      | Reached skill level 5 in Air Magic
  1358 | D:2      | Reached XP level 4. HP: 21/24 MP: 3/8
  1703 | D:3      | Noticed Sigmund
  1713 | D:3      | HP: 1/24 [Sigmund/+4 scythe of distortion (6)]
  1715 | D:3      | Gained mutation: You are partially covered in large bone
                  | plates. (SH +4) [potion of mutation]
  1715 | D:3      | Gained mutation: You are resistant to electric shocks.
                  | (rElec) [potion of mutation]
  1719 | D:3      | Killed Sigmund
  1720 | D:3      | Reached skill level 5 in Conjurations
  1720 | D:3      | Reached skill level 6 in Air Magic
  1720 | D:3      | Reached XP level 5. HP: 18/28 MP: 4/10
  1720 | D:3      | Reached XP level 6. HP: 20/32 MP: 4/11
  2805 | D:4      | Reached skill level 7 in Air Magic
  2965 | D:4      | Gained mutation: Your magical flight helps you evade
                  | attacks. (EV +4) [Tengu growth]
  2965 | D:4      | Reached XP level 7. HP: 23/36 MP: 5/12
  3485 | D:4      | Found a runed translucent door.
  3491 | D:4      | Noticed grimpoem's ghost (amateur TrSh)
  3550 | D:4      | Killed grimpoem's ghost
  3551 | D:4      | Reached skill level 8 in Air Magic
  3716 | D:5      | Entered Level 5 of the Dungeon
  3860 | D:5      | Reached XP level 8. HP: 27/41 MP: 14/14
  4007 | D:5      | Found a radiant altar of Vehumet.
  4032 | D:5      | Found a sacrificial altar of Ru.
  4155 | D:5      | Found a broken altar of Ashenzari.
  4182 | D:5      | Found a sparkling altar of Nemelex Xobeh.
  4593 | D:5      | Reached skill level 9 in Air Magic
  4908 | D:6      | Found a staircase to the Ecumenical Temple.
  4917 | Temple   | Entered the Ecumenical Temple
  4923 | Temple   | Became a worshipper of Gozag Ym Sagoz the Greedy
  5189 | D:6      | Found a glowing drain.
  5206 | Sewer    | Entered a sewer
  5422 | Sewer    | Reached skill level 10 in Air Magic
  5519 | Sewer    | Reached XP level 9. HP: 42/45 MP: 6/17
  6474 | D:6      | Reached skill level 5 in Spellcasting
  6560 | D:6      | Noticed Menkaure
  6571 | D:6      | Reached skill level 10 in Conjurations
  6571 | D:6      | Killed Menkaure
  6790 | D:6      | Reached skill level 11 in Air Magic
  6987 | D:6      | Noticed Pikel
  7043 | D:6      | Slain by Pikel

Illustrated notes

Levels and vault maps discovered:
D:1:      dpeg_arrival_pond, layout_rooms, due_unseen_surprise
D:2:      layout_loops_cross
D:3:      layout_basic, uniq_sigmund
D:4:      layout_basic, ebering_ghost_reflecting_pool, kennysheep_cross_room
D:5:      layout_loops_ring, nicolae_overflow_quartered_altars
D:6:      layout_basic, minmay_temple_entry_statues, portal_sewer_entry_d,
          kennysheep_generic_room_4, uniq_menkaure, uniq_pikel
Temple:   bh_familiar_temple

Skill      XL: |  1  2  3  4  5  6  7  8  9 |
---------------+----------------------------+-----
Conjurations   | 2 3 5 6 7 9 10 | 10.6
Air Magic      | 5 6 7 8 10 11 | 11.2
Spellcasting   | 3 4 5 |  5.3
Dodging        | |  2.1
Stealth        | |  2.0

Action                     |  1- 3 |  4- 6 |  7- 9 || total
---------------------------+-------+-------+-------++-------
  Melee: Unarmed           |     1 |       |       ||     1
         Short sword       |     5 |     5 |   135 ||   145
         Kick              |     1 |     2 |    46 ||    49
         Peck              |       |       |    24 ||    24
         Punch             |       |       |     2 ||     2
   Cast: Shock             |    72 |    44 |   114 ||   230
         Static Discharge  |     2 |    16 |    75 ||    93
    Use: Potion            |       |     3 |     4 ||     7
         Scroll            |       |       |    15 ||    15
   Stab: Sleeping          |       |     1 |     1 ||     2
         Invisible         |       |       |     5 ||     5
 Armour: Robe              |    10 |    29 |   182 ||   221
  Dodge: Dodged            |    13 |     9 |   192 ||   214
  Block: Other             |       |       |    48 ||    48

Table legend: (Time is in decaauts)
 A = Elapsed time spent in this place.
 B = Non-inter-level travel time spent in this place.
 C = Inter-level travel time spent in this place.
 D = Time resting spent in this place.
 E = Time spent auto-exploring this place.
 F = Levels seen in this place.
 G = Mean time per level.
                   A        B        C        D        E       F      G
               +--------+--------+--------+--------+--------+-----+--------+
         Total |   7041 |   6916 |    125 |     46 |   5765 |   8 |  880.1 |
       Dungeon |   6160 |   6035 |    125 |     46 |   5077 |   6 | 1026.7 |
        Temple |     11 |     11 |      0 |      0 |      0 |   1 |   11.0 |
         Sewer |    868 |    868 |      0 |      0 |    688 |   1 |  868.0 |
               +--------+--------+--------+--------+--------+-----+--------+

Top non-repeatable levels by time:
     D:6: 1290 daAuts
     D:5: 1155 daAuts
     D:4: 1122 daAuts
     D:2: 1025 daAuts
     D:3: 976 daAuts
   Sewer: 868 daAuts
     D:1: 589 daAuts
  Temple: 11 daAuts
